 Dungeon Crawl Stone Soup version 0.23-a0-586-gacb4b3f (webtiles) character file.

4438 tsouns the Thaumaturge (level 10, -12/49 HPs)
             Began as a Spriggan Fighter on Dec 18, 2018.
             Was a Believer of Ashenzari.
             Mangled by an orc warrior
             ... wielding a +0 scimitar
              (28 damage)
             ... on level 9 of the Dungeon.
             The game lasted 00:29:54 (8951 turns).

tsouns the Thaumaturge (Spriggan Fighter)           Turns: 8951, Time: 00:29:55

Health: -12/49     AC:  8    Str: 12    XL:     10   Next: 14%
Magic:  24/24      EV: 22    Int: 14    God:    Ashenzari [**....]
Gold:   154        SH:  0    Dex: 15    Spells: 17/27 levels left

rFire    . . .     SeeInvis +   b - +8 autumn katana {slice, Clar}
rCold    . . .     Gourm    .   (shield restricted)
rNeg     . . .     Faith    .   F - +1 robe (curse)
rPois    .         Spirit   .   h - +2 hat
rElec    .         Reflect  .   r - +2 cloak
rCorr    .         Harm     .   (gloves unavailable)
MR       +....     Clarity  +   (boots unavailable)
Stlth    +++.......             (no amulet)
HPRegen  0.16/turn              (no ring)
MPRegen  0.19/turn              (no ring)

@: very quick
A: very small, unfitting armour, see invisible, herbivore, speed 3, slow
metabolism 2
a: Curse Item, Scrying, Renounce Religion


You were on level 9 of the Dungeon.
You worshipped Ashenzari.
Ashenzari was pleased with you.
You were not hungry.

You visited 1 branch of the dungeon, and saw 9 of its levels.

You collected 445 gold pieces.
You spent 291 gold pieces at shops.

Inventory:

Hand Weapons
 b - the +8 autumn katana (weapon) {slice, Clar}
   (You found it on level 8 of the Dungeon)

   It inflicts extra damage upon your enemies.
   It protects you against confusion.
 g - a +1 scimitar of flaming
 D - a +2 shortbow of flaming
Missiles
 j - 229 stones (quivered)
 l - 159 arrows
 v - 3 tomahawks
 w - 35 poisoned needles
Armour
 c - a +0 buckler
 h - a +2 hat (worn)
 r - a +2 cloak (worn)
 F - a cursed +1 robe (worn)
Wands
 o - a wand of paralysis (3)
 p - a wand of polymorph (7)
 y - a wand of iceblast (11)
 B - a wand of enslavement (8)
 E - a wand of flame (19)
Scrolls
 d - 5 scrolls of remove curse
 e - 2 scrolls of blinking
 i - a scroll of fog
 m - a scroll of magic mapping
 t - 2 scrolls of amnesia
 C - a scroll of teleportation
Potions
 a - a potion of might
 k - a potion of ambrosia
 n - 2 potions of lignification
 q - 2 potions of mutation
 s - 2 potions of flight {unknown}
 x - 4 potions of heal wounds {unknown}
 z - 2 potions of curing
 A - a potion of agility
 G - 2 potions of brilliance {unknown}
Comestibles
 f - 9 rations


   Skills:
 - Level 3.7 Fighting
 + Level 4.3 Long Blades
   Level 2.5(4.1) Axes
   Level 4.4(4.7) Polearms
 - Level 5.3 Bows
 - Level 7.0 Dodging
 - Level 6.2 Stealth
 - Level 2.3 Shields
 + Level 9.2 Spellcasting
 - Level 2.0 Conjurations
 - Level 2.2 Fire Magic


You had 17 spell levels left.
You knew the following spells:

 Your Spells              Type           Power        Failure   Level  Hunger
a - Conjure Flame         Conj/Fire      ##......     14%         3    ##.....
b - Sticky Flame          Conj/Fire      ##......     43%         4    ####...
c - Confuse               Hex            #.......     34%         3    ##.....

Your spell library contained the following spells:

 Spells                   Type           Power        Failure   Level  Hunger
 Flame Tongue             Conj/Fire      ##...        4%          1    None
 Magic Dart               Conj           ##..         4%          1    None
 Throw Flame              Conj/Fire      ##....       7%          2    None
 Searing Ray              Conj           ##....       8%          2    None
 Confusing Touch          Hex            #.....       12%         1    None
 Dazzling Spray           Conj/Hex       #.....       22%         3    ##.....
 Inner Flame              Hex/Fire       #.......     22%         3    ##.....
 Gell's Gravitas          Tloc           #.........   34%         3    ##.....
 Iskenderun's Mystic Bla  Conj           ##......     43%         4    ####...
 Force Lance              Conj/Tloc      #.......     58%         4    ####...
 Fulminant Prism          Conj/Hex       #.........   58%         4    ####...
 Petrify                  Tmut/Erth      #.......     75%         4    ####...
 Fireball                 Conj/Fire      ##........   78%         5    #####..
 Metabolic Englaciation   Hex/Ice        #.........   97%         5    #####..
 Yara's Violent Unravell  Hex/Tmut       #.........   97%         5    #####..


Dungeon Overview and Level Annotations

Branches:
Dungeon (9/15)             Temple (0/1) D:4
   Lair: D:8-11         Orc: D:9-12

Altars:
Ashenzari
Cheibriados
Fedhas
Kikubaaqudgha
Makhleb
Nemelex Xobeh
Ru
Trog
Vehumet
The Shining One

Shops:
D:5 ?   D:6 !


Innate Abilities, Weirdness & Mutations

You are very small and have problems with some larger weapons.
You are too small for most types of armour.
You have supernaturally acute eyesight. (SInv)
You are a herbivore.
You cover ground extremely quickly.
You need to consume almost no food.


Message History

The orc warrior is heavily wounded.
The orc warrior misses you.
You riposte.
You closely miss the orc warrior.
The orc warrior is heavily wounded.
You slash the orc warrior!
You kill the orc warrior!
You slash the orc warrior!
The orc warrior is severely wounded.
The orc warrior completely misses you.
You barely miss the orc warrior.
The orc warrior is severely wounded.
You slash the orc warrior!
The orc warrior is almost dead.
The orc warrior hits you with a +0 scimitar!
You are too injured to fight recklessly!
You are too injured to fight recklessly!
You closely miss the orc warrior.
The orc warrior is almost dead.
The orc warrior hits you with a +0 scimitar!!
Ouch! That really hurt!
You die...

,* , * ###.,
.....## * ,
#....###.....# *
, ,
.....#<......+ ,
, ,
..............#,
..............#
** *
....#.........#
**, , ..#
#.........#.##.
.
#...o).<.......
* ,
#...@##+#.#..##
, , * *
#.......#.# ...
< * ....##....[#
# ,## *....
#.....# ,,, ..
,,....#.# ,, ***
* * *,.....#..
,* ...... ##*, *
, , ?...... , **


You could see an orc warrior.

Vanquished Creatures
  Erica (D:8)
  A hippogriff (D:8)
  A hungry ghost (D:8)
  Duvessa (D:7)
  A phantom (D:5)
  An orc warrior (D:9)
  2 sky beasts
  A black bear (D:7)
  3 ogres
  4 centaurs
  6 bullfrogs
  Dowan (D:7)
  4 scorpions
  4 wights (D:7)
  2 centaur zombies
  A howler monkey (D:5)
  3 crimson imps
  A quasit (D:7)
  4 hounds
  2 orc priests
  A jelly (D:6)
  3 orc wizards
  A centaur skeleton (D:7)
  4 iguanas
  A gnoll shaman (D:8)
  4 worker ants
  A killer bee zombie (D:7)
  2 hound skeletons
  2 worker ant zombies
  3 gnolls (D:8)
  2 river rats (D:3)
  14 adders
  4 shadow imps
  2 oozes
  4 worms
  5 dart slugs
  8 leopard geckos
  30 orcs
  A ball python (D:2)
  10 bats
  5 giant cockroaches
  A goblin (D:1)
  8 hobgoblins
  25 jackals
  6 kobolds
  6 quokkas
  4 frilled lizards
  A jackal skeleton (D:4)
  A leopard gecko skeleton (D:7)
  7 rats
210 creatures vanquished.

Vanquished Creatures (others)
  An adder (D:8)
1 creature vanquished.

Grand Total: 211 creatures vanquished

Notes
Turn   | Place    | Note
-------+----------+-------------------------------------------
     0 | D:1      | tsouns the Spriggan Fighter began the quest for the Orb.
     0 | D:1      | Reached XP level 1. HP: 11/11 MP: 2/2
   129 | D:1      | Reached XP level 2. HP: 16/16 MP: 3/3
   882 | D:2      | Reached XP level 3. HP: 14/20 MP: 4/4
  1042 | D:2      | HP: 1/20 [jackal (1)]
  1463 | D:2      | Reached XP level 4. HP: 24/24 MP: 5/5
  1778 | D:3      | Found a radiant altar of Vehumet.
  2547 | D:3      | Found a shattered altar of Ashenzari.
  2576 | D:3      | Reached XP level 5. HP: 18/29 MP: 6/6
  2589 | D:3      | Reached skill level 1 in Stealth
  2923 | D:3      | Reached XP level 6. HP: 33/33 MP: 7/7
  2958 | D:3      | Became a worshipper of Ashenzari the Shackled
  3287 | D:4      | You fall through a shaft for 3 floors!
  3307 | D:7      | Noticed Duvessa
  3312 | D:7      | Noticed Dowan
  3360 | D:5      | Entered Level 5 of the Dungeon
  3366 | D:5      | Found Teargh Ropra's Magic Scroll Shoppe.
  3369 | D:5      | Bought a scroll of enchant armour for 105 gold pieces
  3369 | D:5      | Bought a scroll of fog for 28 gold pieces
  3369 | D:5      | Bought a scroll of identify for 28 gold pieces
  3395 | D:5      | Reached skill level 5 in Stealth
  3466 | D:5      | Found a sparkling altar of Nemelex Xobeh.
  3506 | D:5      | Noticed a sky beast
  3592 | D:5      | Reached XP level 7. HP: 27/37 MP: 8/8
  3914 | D:4      | Reached * piety under Ashenzari
  3960 | D:4      | Found a snail-covered altar of Cheibriados.
  4260 | D:4      | Found a staircase to the Ecumenical Temple.
  4265 | D:4      | Learned a level 3 spell: Conjure Flame
  4627 | D:5      | Reached skill level 1 in Spellcasting
  4662 | D:5      | Reached skill level 5 in Dodging
  4694 | D:5      | Reached skill level 1 in Axes
  4694 | D:5      | Reached skill level 2 in Spellcasting
  4885 | D:4      | Learned a level 4 spell: Sticky Flame
  5162 | D:5      | Reached XP level 8. HP: 28/42 MP: 11/13
  5319 | D:5      | Reached skill level 1 in Fire Magic
  5594 | D:6      | Reached skill level 1 in Conjurations
  5599 | D:6      | Reached skill level 3 in Spellcasting
  5883 | D:6      | Found Xymu's Distillery.
  5999 | D:6      | Bought a potion of curing for 39 gold pieces
  5999 | D:6      | Bought a potion of curing for 39 gold pieces
  5999 | D:6      | Bought a potion of agility for 52 gold pieces
  6277 | D:6      | Found a blossoming altar of Fedhas.
  6351 | D:6      | Reached skill level 4 in Spellcasting
  6802 | D:6      | Found a glowing golden altar of the Shining One.
  6803 | D:6      | Found a burning altar of Makhleb.
  6890 | D:7      | Reached skill level 1 in Bows
  7120 | D:7      | Reached skill level 5 in Spellcasting
  7153 | D:7      | Reached ** piety under Ashenzari
  7181 | D:7      | Reached XP level 9. HP: 42/45 MP: 9/18
  7191 | D:7      | Killed Duvessa
  7198 | D:7      | Killed Dowan
  7341 | D:7      | Reached skill level 6 in Spellcasting
  7447 | D:7      | Learned a level 3 spell: Confuse
  7588 | D:7      | Reached skill level 5 in Bows
  7979 | D:8      | Found the +8 autumn katana {slice, Clar}
  8070 | D:8      | Noticed Erica
  8087 | D:8      | Killed Erica
  8087 | D:8      | Reached skill level 7 in Spellcasting
  8099 | D:8      | Reached skill level 8 in Spellcasting
  8351 | D:8      | Reached XP level 10. HP: 40/49 MP: 23/23
  8418 | D:8      | Found a sacrificial altar of Ru.
  8488 | D:8      | Reached skill level 9 in Spellcasting
  8744 | D:8      | Found a blossoming altar of Fedhas.
  8769 | D:8      | Found a bloodstained altar of Trog.
  8829 | D:8      | Found an ancient bone altar of Kikubaaqudgha.
  8937 | D:8      | Noticed a rust devil
  8937 | D:8      | Noticed a rust devil
  8951 | D:9      | Mangled by an orc warrior

Vault maps used:
D:1:      psy_arrival_whirlpool
D:2:      first_ration
D:3:      old_standard_altar, serial_rivers, chequers_serial_rivers_micro_a,
          chequers_serial_rivers_micro_b, chequers_serial_rivers_small_b,
          chequers_serial_rivers_small_b, gup_sewer_entry_bowl,
          ashenzari_altar_1
D:4:      temple_green, kennysheep_slug_shrine
D:5:      basic_altar, serial_shops, kennysheep_mini
D:6:      gammafunk_temple_overflow_pools, serial_shops, nicolae_shop_trees,
          fedhas_altar_1
D:7:      uniq_duvessa
D:8:      cheibrodos_iron_armory, nicolae_overflow_quartered_altars, uniq_erica
D:9:      minmay_s_stair_smasher, grunt_dithmenos_shadows

Skill      XL: |  1  2  3  4  5  6  7  8  9 10 |
---------------+-------------------------------+-----
Polearms       | 2 3 4 |  4.4
Fighting       | 3 |  3.7
Stealth        | 3 5 6 |  6.2
Spellcasting   | 2 5 8 9 |  9.2
Dodging        | 5 7 |  7.0
Axes           | 1 2 |  2.5
Fire Magic     | 2 |  2.2
Conjurations   | 2 |  2.0
Bows           | 3 5 |  5.3
Long Blades    | 3 4 |  4.3
Shields        | |  2.3

Action                   |  1- 3 |  4- 6 |  7- 9 | 10-12 || total
-------------------------+-------+-------+-------+-------++-------
Melee: Spear             |   165 |   147 |    32 |       ||   344
       Hand axe          |       |   102 |   274 |       ||   376
       Katana            |       |       |    41 |    31 ||    72
 Fire: Shortbow          |       |       |   147 |       ||   147
Throw: Stone             |       |     4 |     4 |       ||     8
 Cast: Conjure Flame     |       |       |     3 |       ||     3
       Sticky Flame      |       |       |     1 |       ||     1
  Use: Potion            |     1 |     4 |     2 |       ||     7
       Scroll            |       |    12 |     5 |       ||    17
 Stab: Sleeping          |     2 |     5 |     9 |     3 ||    19
  Eat: Ration            |       |     1 |     3 |       ||     4
Armor: Robe              |    16 |    11 |    64 |     2 ||    93
Dodge: Dodged            |   129 |   163 |   380 |    14 ||   686
Block: Buckler           |    55 |    58 |    62 |       ||   175
       Rpst.: Katana     |       |       |     8 |     3 ||    11

Table legend:
 A = Non-vault XP
 B = Vault XP
 C = Vault XP percentage of total XP
 D = Non-vault monster count
 E = Vault monster count
 F = Vault count percentage of total count
                 A         B        C        D         E       F
            +---------+---------+-------+---------+---------+-------
      Total |    5054 |    1286 |  20.3 |     204 |       7 |   3.3
            +---------+---------+-------+---------+---------+-------
        D:1 |      37 |       0 |   0.0 |      18 |       0 |   0.0
        D:2 |     113 |       0 |   0.0 |      31 |       0 |   0.0
        D:3 |     253 |      27 |   9.6 |      27 |       2 |   6.9
        D:4 |     184 |       4 |   2.1 |      10 |       1 |   9.1
        D:5 |     906 |       0 |   0.0 |      37 |       0 |   0.0
        D:6 |     832 |       0 |   0.0 |      21 |       0 |   0.0
        D:7 |     985 |     225 |  18.6 |      35 |       2 |   5.4
        D:8 |    1744 |     897 |  34.0 |      25 |       1 |   3.8
        D:9 |       0 |     133 | 100.0 |       0 |       1 | 100.0
            +---------+---------+-------+---------+---------+-------
